 Dungeon Crawl Stone Soup version 0.22.0-25-g7663229 (webtiles) character file.

338 corax the Vandal (level 6, 0/48 HPs)
             Began as a Mummy Hunter on Aug 20, 2018.
             Killed by divine providence
             ... invoked by an orc priest
              (9 damage)
             ... on level 4 of the Dungeon.
             The game lasted 00:06:43 (2431 turns).

corax the Vandal (Mummy Hunter)                     Turns: 2431, Time: 00:06:44

Health: 0/48       AC:  4    Str: 17    XL:     6   Next: 29%
Magic:  6/6        EV: 13    Int: 11    God:
Gold:   205        SH:  0    Dex: 16    Spells: 5/5 levels left

rFire    x . .     SeeInvis .   b - +2 flail of Ciubb {protect, Dex+4}
rCold    + . .     Gourm    .   (no shield)
rNeg     + + +     Faith    .   c - +1 leather armour
rPois    ∞         Spirit   .   (no helmet)
rElec    .         Reflect  .   (no cloak)
rCorr    .         Harm     .   (no gloves)
MR       .....                  (no boots)
Stlth    +.........             (no amulet)
HPRegen  0.16/turn              (no ring)
MPRegen  0.10/turn              (no ring)

@: no status effects
A: no food or potions, fire vulnerability, cold resistance 1, negative energy
resistance 3, torment resistance, unbreathing
a: no special abilities


You were on level 4 of the Dungeon.
You were not hungry.

You visited 1 branch of the dungeon, and saw 4 of its levels.

You collected 205 gold pieces.

Inventory:

Hand Weapons
 a - a +2 hunting sling
 b - the +2 flail of Ciubb (weapon) {protect, Dex+4}
   (You found it on level 4 of the Dungeon)

   It protects the one who uses it against injury (+AC on strike).
   It affects your dexterity (+4).
 n - a +0 short sword
Missiles
 d - 19 sling bullets
 g - 75 stones (quivered)
Armour
 c - a +1 leather armour (worn)
Jewellery
 h - an uncursed amulet of the acrobat {unknown}
Wands
 l - a wand of scattershot (7)
 o - a wand of digging (9)
Scrolls
 e - a scroll of identify
 f - a scroll of fear
 i - a scroll of teleportation {unknown}
 j - 2 scrolls of enchant armour
 k - a scroll of remove curse
 m - a scroll of random uselessness {unknown}
 p - a scroll of fog {unknown}


   Skills:
 + Level 4.0 Fighting
 + Level 0.5 Maces & Flails
 + Level 4.4 Slings
 + Level 3.2 Dodging
 - Level 0.7 Stealth
 + Level 0.9 Evocations


You had 5 spell levels left.
You didn't know any spells.
Your spell library was empty.

Dungeon Overview and Level Annotations

Branches:
Dungeon (4/15)
 Temple: D:4-7

Altars:
Cheibriados


Innate Abilities, Weirdness & Mutations

You do not eat or drink.
Your flesh is vulnerable to fire.
You are immune to poison.
Your flesh is cold resistant. (rC+)
You are immune to negative energy. (rN+++)
You are immune to unholy pain and torment.
You can survive without breathing.


Message History

A giant cockroach comes into view.
The orc priest mumbles some strange prayers to Beogh against you.
Beogh smites you!
* * * LOW HITPOINT WARNING * * *
The orc wizard gestures wildly while chanting.
The orc wizard flickers and vanishes!
Deactivating autopickup; reactivate with Ctrl-A.
As you read the scroll labeled XYATEYXESK, it crumbles to dust.
It is a scroll of enchant armour.
Your +0 leather armour glows green for a moment.
The orc hits you but does no damage. The orc priest hits you with a whip.
* * * LOW HITPOINT WARNING * * *
As you read the scroll labeled VIETAN BADAWK, it crumbles to dust.
You assume a fearsome visage.
The giant cockroach looks frightened!
The orc looks frightened!
The orc priest easily resists.
The orc looks frightened!
It was a scroll of fear.
The orc priest closely misses you.
The orc priest calls down the wrath of Beogh upon you.
Beogh smites you!
You die...

8... #......# ###
#...##....### ...#
..........#######....#
#..........o..o......#
.......o.#####oo.....# ##
#.............o.o.o##..?.#
..####.#...........######
...# .................o.#
## .#....#.........@..#
....[..............# ###
...#..............######.#
##.###...#.s.....####....#
.#...##..##.............##
.....................####
###.##.#.#..#.......##
###.##...#..#....##.#
....###..#.......##.###


You could see an orc priest, 2 orcs and a giant cockroach (fleeing).

Vanquished Creatures
  2 scorpions
  A crimson imp (D:3)
  An orc priest (D:3)
  3 worker ants (D:4)
  3 adders
  2 worms
  2 dart slugs (D:1)
  A leopard gecko (D:4)
  9 orcs (D:3)
  3 giant cockroaches
  11 goblins
  4 hobgoblins
  6 kobolds
  2 ball pythons
  6 bats
  3 frilled lizards
  A jackal skeleton (D:4)
  A quokka skeleton (D:4)
  10 rats
71 creatures vanquished.

Notes
Turn   | Place    | Note
-------+----------+-------------------------------------------
     0 | D:1      | corax the Mummy Hunter began the quest for the Orb.
     0 | D:1      | Reached XP level 1. HP: 16/16 MP: 1/1
   197 | D:1      | Reached XP level 2. HP: 22/22 MP: 2/2
   663 | D:2      | Found a snail-covered altar of Cheibriados.
   727 | D:2      | Reached XP level 3. HP: 24/28 MP: 3/3
  1305 | D:3      | Reached XP level 4. HP: 24/35 MP: 4/4
  1428 | D:3      | Reached XP level 5. HP: 41/41 MP: 5/5
  2306 | D:4      | Got a slimy flail
  2307 | D:4      | Identified the +2 flail of Ciubb {protect, Dex+4} (You found it on level 4 of the Dungeon)
  2350 | D:4      | Reached XP level 6. HP: 46/48 MP: 6/6
  2431 | D:4      | Killed from afar by an orc priest

Skill      XL: |  1  2  3  4  5  6 |
---------------+-------------------+-----
Dodging        | 2 3 |  3.2
Fighting       | 3 4 |  4.0
Slings         | 4 |  4.4
Maces & Flails | |  0.5
Stealth        | |  0.7
Evocations     | |  0.9

Action                   |  1- 3 |  4- 6 || total
-------------------------+-------+-------++-------
Melee: Flail             |       |    15 ||    15
 Fire: Hunting sling     |   104 |   115 ||   219
  Use: Scroll            |     4 |     3 ||     7
 Stab: Sleeping          |       |     1 ||     1
Armor: Leather armour    |     6 |    10 ||    16
Dodge: Dodged            |    18 |    31 ||    49
